 Dungeon Crawl Stone Soup version 0.21.1 (webtiles) character file.

2685 JeffiDaFish the Magician (level 9, -3/45 HPs)
             Began as a Gargoyle Venom Mage on Feb 2, 2018.
             Was an Initiate of Vehumet.
             Slain by a meliai zombie (4 damage)
             ... on level 7 of the Dungeon on Feb 3, 2018.
             The game lasted 00:32:00 (8036 turns).

JeffiDaFish the Magician (Gargoyle Venom Mage)      Turns: 8036, Time: 00:32:01

Health: -3/45      AC: 14    Str: 16    XL:     9   Next: 64%
Magic:  18/18      EV: 15    Int: 16    God:    Vehumet [......]
Gold:   406        SH:  0    Dex: 12    Spells: 6/21 levels left

rFire    . . .     SeeInvis .   f - +2 mace
rCold    . . .     Gourm    .   (no shield)
rNeg     + . .     Faith    .   a - +1 robe
rPois    ∞         Spirit   .   j - +2 helmet
rElec    +         Reflect  .   (no cloak)
rCorr    +         Harm     .   i - +1 pair of gloves
MR       .....                  (no boots)
Stlth    ++........             e - amulet of magic regeneration
HPRegen  0.15/turn              h - +3 ring of strength
MPRegen  0.41/turn              w - ring of resist corrosion

@: hasted, very quick
A: negative energy resistance 1, electricity resistance, unbreathing,
petrification resistance, rot immunity, AC +6
a: Renounce Religion


You were on level 7 of the Dungeon.
You worshipped Vehumet.
Vehumet was noncommittal.
You were not hungry.

You visited 2 branches of the dungeon, and saw 8 of its levels.

You collected 406 gold pieces.

Inventory:

Hand Weapons
 f - a +2 mace (weapon)
 n - a cursed -2 morningstar
 r - the +3 whip of Exquisite Death {flame, -Tele MR+ Str-2 Dex+7}
   (You found it on level 5 of the Dungeon)

   It has been specially enchanted to burn those struck by it, causing extra
   injury to most foes and up to half again as much damage against particularly
   susceptible opponents.
   It affects your strength (-2).
   It affects your dexterity (+7).
   It affects your resistance to hostile enchantments.
   It prevents most forms of teleportation.
Armour
 a - a +1 robe (worn)
 i - a +1 pair of gloves (worn)
 j - a +2 helmet (worn)
Jewellery
 e - an amulet of magic regeneration (around neck)
 h - a +3 ring of strength (left hand)
 w - a ring of resist corrosion (right hand)
Wands
 p - a wand of disintegration (2)
Scrolls
 d - 6 scrolls of identify
 l - 3 scrolls of teleportation
 o - 5 scrolls of remove curse
 v - a scroll of fog
Potions
 k - 2 potions of magic
 q - a potion of cancellation
 t - a potion of flight
Books
 b - a Young Poisoner's Handbook

   Spells                             Type                      Level
   a - Sting                          Conjuration/Poison           1
   b - Poisonous Vapours              Poison/Air                   2
   c - Mephitic Cloud                 Conjuration/Poison/Air       3
   d - Olgreb's Toxic Radiance        Poison                       4
   e - Venom Bolt                     Conjuration/Poison           5
Comestibles
 c - 10 rations


   Skills:
 * Level 5.8 Dodging
 - Level 2.6 Stealth
 * Level 6.5 Spellcasting
 + Level 5.1 Conjurations
 + Level 3.7 Air Magic
 + Level 5.9 Poison Magic


You had 6 spell levels left.
You knew the following spells:

 Your Spells              Type           Power        Failure   Level  Hunger
a - Sting                 Conj/Pois      ###.         1%          1    None
b - Poisonous Vapours     Pois/Air       ###...       2%          2    None
c - Mephitic Cloud        Conj/Pois/Air  ###.....     4%          3    ##.....
d - Olgreb's Toxic Radia  Pois           ###.....     11%         4    ####...
e - Venom Bolt            Conj/Pois      ###.......   36%         5    #####..


Dungeon Overview and Level Annotations

Branches:
Dungeon (7/15)             Temple (1/1) D:6

Altars:
Ashenzari
Dithmenos
Elyvilon
Gozag
Hepliaklqana
Kikubaaqudgha
Makhleb
Nemelex Xobeh
Okawaru
Qazlal
Ru
Sif Muna
Trog
Vehumet
Xom
The Shining One

Annotations:
D:3 Ash44's ghost, amateur DsGl
D:4 Larett's ghost, amateur OpAs


Innate Abilities, Weirdness & Mutations

You are resistant to torment.
Your stone body is resilient. (AC +6)
You are immune to poison.
You resist negative energy. (rN+)
You are resistant to electric shocks. (rElec)
You can survive without breathing.
You are immune to petrification.
You are immune to rotting.


Message History

You feel less confused.
You hit the meliai zombie.
The meliai zombie is severely damaged.
The meliai zombie hits you!
* * * LOW HITPOINT WARNING * * *
The meliai zombie misses you. The meliai zombie hits you.
* * * LOW HITPOINT WARNING * * *
The meliai zombie hits you.
* * * LOW HITPOINT WARNING * * *
You closely miss the meliai zombie.
The meliai zombie is severely damaged.
The meliai zombie hits you but does no damage. x2
The meliai zombie misses you. The meliai zombie barely misses you.
You sock the meliai zombie!
The meliai zombie is almost destroyed.
The meliai zombie hits you.
* * * LOW HITPOINT WARNING * * *
The meliai zombie completely misses you.
The meliai zombie barely misses you. The meliai zombie hits you.
You die...

# . .# .# .#.. #.# ..#
.#...#... #..#
...###...#.#... ##...#
..#..#..#...#.H ..#..#
.#...###.....###...#.#
....#..#.....#..#)...#
...#...#.....#.Z@#..
......#.#...#.#......#
.....#...#.#...#.$...#
.....................#
...........###########
############


You could see a meliai zombie.

Vanquished Creatures
  The ghost of nel the Sneak, a novice DgEn (D:6)
  A hippogriff (D:7)
  A wyvern (D:6)
  Eustachio (D:4)
  An ice beast (D:6)
  A sky beast (D:6)
  2 orc warriors
  A black bear (D:6)
  An ogre (D:5)
  A centaur (D:6)
  2 bullfrogs
  A scorpion (D:4)
  2 howler monkeys
  2 crimson imps
  4 hounds
  An orc priest (D:4)
  2 centaur skeletons
  A bullfrog skeleton (D:6)
  A gnoll shaman (D:6)
  4 orc wizards (D:3)
  2 iguanas
  Natasha (thrice) (D:3)
  3 worker ants (D:5)
  Terence (D:2)
  A hound zombie (D:6)
  A howler monkey zombie (D:6)
  Robin (D:3)
  3 gnolls (D:6)
  12 adders
  2 shadow imps (D:7)
  4 oozes
  2 worms
  2 dart slugs (D:1)
  3 leopard geckos
  25 orcs
  4 bats
  5 giant cockroaches
  13 goblins
  12 hobgoblins
  2 jackals (D:2)
  8 kobolds
  A quokka (D:3)
  3 ball pythons
  5 frilled lizards
  A leopard gecko zombie (D:7)
  7 rats
157 creatures vanquished.

Notes
Turn   | Place    | Note
-------+----------+-------------------------------------------
     0 | D:1      | JeffiDaFish the Gargoyle Venom Mage began the quest for the Orb.
     0 | D:1      | Reached XP level 1. HP: 10/10 MP: 3/3
    71 | D:1      | Reached XP level 2. HP: 10/15 MP: 1/5
   441 | D:1      | Learned a level 2 spell: Poisonous Vapours
   737 | D:1      | Reached XP level 3. HP: 16/19 MP: 3/6
  1348 | D:1      | Learned a level 3 spell: Mephitic Cloud
  1799 | D:2      | Reached XP level 4. HP: 22/24 MP: 4/7
  2262 | D:2      | Noticed Terence
  2304 | D:2      | Killed Terence
  2304 | D:2      | Reached skill level 1 in Air Magic
  2304 | D:2      | Reached XP level 5. HP: 27/28 MP: 0/9
  2805 | D:3      | Noticed Natasha
  2808 | D:3      | Killed Natasha
  2808 | D:3      | Reached skill level 3 in Spellcasting
  2944 | D:3      | Noticed Ash44's ghost (amateur DsGl)
  3027 | D:3      | Noticed Robin
  3311 | D:3      | Killed Robin
  3311 | D:3      | Reached XP level 6. HP: 31/32 MP: 8/10
  3400 | D:3      | Found a bloodstained altar of Trog.
  3483 | D:3      | Learned a level 4 spell: Olgreb's Toxic Radiance
  3490 | D:3      | Noticed Natasha
  3494 | D:3      | Killed Natasha
  4271 | D:3      | Noticed Natasha
  4278 | D:3      | Killed Natasha
  4356 | D:4      | Noticed Larett's ghost (amateur OpAs)
  4465 | D:4      | Reached XP level 7. HP: 22/36 MP: 12/12
  4896 | D:4      | Reached skill level 4 in Spellcasting
  5172 | D:4      | Noticed Eustachio
  5198 | D:4      | Killed Eustachio
  5454 | D:5      | Entered Level 5 of the Dungeon
  5672 | D:5      | Reached XP level 8. HP: 41/41 MP: 14/14
  5973 | D:5      | Found a white marble altar of Elyvilon.
  6021 | D:5      | Got a pitted whip
  6022 | D:5      | Identified the +3 whip of Exquisite Death {flame, -Tele MR+ Str-2 Dex+7} (You found it on level 5 of the Dungeon)
  6078 | D:5      | Found a glowing golden altar of the Shining One.
  6285 | D:6      | Noticed a wyvern
  6287 | D:6      | Reached skill level 5 in Spellcasting
  6287 | D:6      | Reached skill level 5 in Poison Magic
  6294 | D:6      | Killed a wyvern
  6650 | D:6      | Found a staircase to the Ecumenical Temple.
  6673 | Temple   | Entered the Ecumenical Temple
  6782 | Temple   | Became a worshipper of Vehumet
  6822 | D:6      | Noticed nel's ghost (novice DgEn)
  6875 | Temple   | Reached skill level 5 in Dodging
  6875 | Temple   | Reached XP level 9. HP: 35/45 MP: 17/17
  7059 | D:6      | Learned a level 5 spell: Venom Bolt
  7575 | D:6      | Found a shimmering altar of Xom.
  7707 | D:6      | Killed nel's ghost
  7707 | D:6      | Reached skill level 6 in Spellcasting
  7807 | D:6      | Reached skill level 5 in Conjurations
  8022 | D:7      | HP: 1/45 [meliai zombie (5)]
  8036 | D:7      | HP: 1/45 [meliai zombie (5)]
  8036 | D:7      | Slain by a meliai zombie

Skill      XL: |  1  2  3  4  5  6  7  8  9 |
---------------+----------------------------+-----
Dodging        | 2 3 5 |  5.8
Air Magic      | 1 2 3 |  3.7
Spellcasting   | 3 4 5 6 |  6.5
Conjurations   | 2 3 4 5 |  5.1
Poison Magic   | 4 5 |  5.9
Stealth        | |  2.6

Action                   |  1- 3 |  4- 6 |  7- 9 || total
-------------------------+-------+-------+-------++-------
Melee: Dagger            |    49 |       |       ||    49
       Unarmed           |     3 |       |       ||     3
       Mace              |    28 |   143 |   315 ||   486
       Whip              |       |       |     5 ||     5
 Cast: Sting             |     8 |     1 |     1 ||    10
       Poisonous Vapours |    19 |    27 |    48 ||    94
       Mephitic Cloud    |     1 |    14 |    24 ||    39
       Olgreb's Toxic Ra |       |       |     7 ||     7
Evoke: Wand              |       |       |    14 ||    14
  Use: Scroll            |     5 |     4 |     5 ||    14
       Potion            |     2 |     7 |     9 ||    18
 Stab: Sleeping          |     2 |     1 |       ||     3
       Confused          |     1 |     1 |     9 ||    11
  Eat: Chunk             |     4 |    11 |    12 ||    27
       Ration            |       |     1 |     1 ||     2
Armor: Robe              |    27 |    61 |   156 ||   244
Dodge: Dodged            |    69 |   107 |   294 ||   470
